[Event "January 2 Early 2024"]
[Site "https://www.chess.com"]
[Date "2024.01.02"]
[Round "6"]
[White "Weishaeutel, Moritz"]
[Black "Buscar, Michael"]
[Result "1/2-1/2"]
[Board "106"]
[TimeControl "180+1"]
[WhiteFideId "12967300"]
[BlackFideId "2603616"]
[WhiteElo "2590"]
[BlackElo "2355"]
[WhiteTeam "GER"]
[BlackTeam "CAN"]
[WhiteClock "0:00:26"]
[BlackClock "0:00:13"]

1. e4 c5 2. d4 cxd4 3. c3 Nf6 4. e5 Nd5 5. Nf3 Nc6 6. Bc4 Nb6 7. Bb3 d5 8. exd6 e6 9. O-O Bxd6 10. cxd4 O-O 11. Nc3 Ne7 12. Ne4 Bb8 13. Bg5 h6 14. Bh4 Nbd5 15. Rc1 g5 16. Nfxg5 hxg5 17. Bxg5 f5 18. Bxd5 exd5 19. Nf6+ Rxf6 20. Bxf6 Qd6 21. Be5 Qg6 22. Re1 Nc6 23. Bxb8 Rxb8 24. Qb3 Qd6 25. Re8+ Kf7 26. Rce1 Nxd4 27. Qh3 Ne6 28. R1xe6 Bxe6 29. Rxb8 Qxb8 30. Qh7+ Kf6 31. Qh6+ Kf7 32. Qh7+ Kf6 33. Qh6+ Ke7 34. Qg5+ Kd7 35. Qg7+ Kc6 36. Qc3+ Kd7 37. Qg7+ Kc6 38. Qc3+ Kd7 39. Qg7+ 1/2-1/2

[Event "January 2 Early 2024"]
[Site "https://www.chess.com"]
[Date "2024.01.02"]
[Round "6"]
[White "Volkov, Sergei"]
[Black "Lira, Suan Bruno Fernandes"]
[Result "0-1"]
[Board "107"]
[TimeControl "180+1"]
[WhiteFideId "4176588"]
[BlackFideId "22794620"]
[WhiteElo "2552"]
[BlackElo "2356"]
[WhiteTeam "RUS"]
[BlackTeam "BRA"]
[WhiteClock "0:00:00"]
[BlackClock "0:00:13"]

1. d4 d5 2. Nf3 e6 3. Bf4 Nf6 4. e3 Bd6 5. Ne5 O-O 6. Nd2 c5 7. c3 Qc7 8. Bg3 Nc6 9. f4 b6 10. Bd3 Ne7 11. Qf3 Bb7 12. Bh4 Ne8 13. O-O f6 14. Ng4 a5 15. Qh3 Ba6 16. Bc2 Bxf1 17. Rxf1 f5 18. Ne5 Bxe5 19. fxe5 Ng6 20. Bg5 f4 21. Qxe6+ Qf7 22. Qxf7+ Rxf7 23. Bxg6 hxg6 24. Rxf4 Rxf4 25. Bxf4 cxd4 26. exd4 Nc7 27. Be3 Ne6 28. Kf2 Kf7 29. Ke2 b5 30. Kd3 Rh8 31. h3 g5 32. Nf3 Kg6 33. Ke2 Kf5 34. Kf2 g4 35. hxg4+ Kxg4 36. Ne1 Rh1 37. b3 a4 38. bxa4 bxa4 39. Ke2 Kg3 40. Bf2+ Kf4 41. Nd3+ Ke4 42. Nc5+ Nxc5 43. dxc5 Rh6 44. Bd4 Re6 45. Kd2 g5 46. Ke2 g4 47. g3 Rh6 48. Kd2 Rh2+ 49. Kc1 a3 50. c6 Kd3 0-1

[Event "January 2 Early 2024"]
[Site "https://www.chess.com"]
[Date "2024.01.02"]
[Round "6"]
[White "Ahmad, Khagan"]
[Black "Kleibel, Uwe"]
[Result "0-1"]
[Board "108"]
[TimeControl "180+1"]
[WhiteFideId "13431552"]
[BlackFideId "1270982"]
[WhiteElo "2543"]
[BlackElo "2355"]
[WhiteTeam "AZE"]
[BlackTeam "GER"]
[WhiteClock "0:00:00"]
[BlackClock "0:00:14"]

1. Nf3 d5 2. d4 Nf6 3. c4 e6 4. g3 Be7 5. Bg2 O-O 6. O-O c6 7. Qc2 b6 8. Nbd2 Bb7 9. e4 Na6 10. a3 Rc8 11. e5 Nd7 12. b4 c5 13. dxc5 bxc5 14. b5 Nab8 15. a4 Qc7 16. Bb2 d4 17. Rfe1 Rfd8 18. a5 Nf8 19. h4 h6 20. Qd3 Nbd7 21. h5 Rb8 22. Bc1 Rbc8 23. Nb3 Bxf3 24. Qxf3 Nxe5 25. Rxe5 Qxe5 26. Bf4 Qf6 27. Qe4 Bd6 28. Bxd6 Rxd6 29. Qb7 Rdd8 30. Qxa7 d3 31. Rd1 Qc3 32. Nxc5 Qxc4 33. Nxd3 Rxd3 34. Rxd3 Qxd3 35. b6 Qd1+ 36. Kh2 Qxh5+ 37. Bh3 Qc5 38. b7 Qxa7 39. bxc8=Q Qxa5 40. Bg2 Qf5 41. Kg1 g5 42. Bf1 Kg7 43. Qc3+ Qf6 44. Qc7 Ng6 45. Kg2 Qd4 46. Be2 Qe5 47. Qc2 Qd5+ 48. Bf3 Qe5 49. Be4 Ne7 50. Bf3 Nd5 51. Bxd5 Qxd5+ 52. Kh2 Qf5 53. Qd2 Kg6 54. Kg1 h5 55. Qd8 Qf6 56. Qg8+ Qg7 57. Qd8 Kh7 58. Qd3+ Qg6 59. Qd7 Qf6 60. Kg2 h4 61. gxh4 gxh4 62. Qc8 Qf5 63. Qc7 Kg7 64. Qc3+ e5 65. Qc5 Qg4+ 66. Kh2 f6 67. Qe7+ Kg6 68. Qe8+ Kf5 69. Qd7+ Kf4 70. Qa4+ e4 71. Qd4 Qf5 72. Qe3+ Ke5 73. Qc5+ Ke6 74. Qc8+ Ke5 75. Qc5+ Kf4 76. Qe3+ Kg4 77. Qe2+ Kg5 78. Qe3+ Qf4+ 0-1

[Event "January 2 Early 2024"]
[Site "https://www.chess.com"]
[Date "2024.01.02"]
[Round "6"]
[White "Nord, Alexander"]
[Black "Parfenov, Viktor N."]
[Result "0-1"]
[Board "109"]
[TimeControl "180+1"]
[WhiteFideId "1738135"]
[BlackFideId "4165969"]
[WhiteElo "2351"]
[BlackElo "2540"]
[WhiteTeam "SWE"]
[BlackTeam "RUS"]
[WhiteClock "0:00:03"]
[BlackClock "0:00:35"]

1. d4 d5 2. Nc3 Nf6 3. Bg5 h6 4. Bxf6 exf6 5. g3 c6 6. Bg2 f5 7. e3 Bd6 8. h4 Nd7 9. h5 Nf6 10. Nge2 Ne4 11. Nf4 O-O 12. O-O Qg5 13. Nce2 Re8 14. Rc1 b5 15. c3 Bd7 16. b3 Rab8 17. c4 bxc4 18. bxc4 Nf6 19. cxd5 cxd5 20. Nxd5 Nxh5 21. Qd3 Rb2 22. Qa6 Re6 23. Qxa7 Bb5 24. Nef4 Nxf4 25. Nxf4 Bxf4 26. exf4 Qf6 27. Rfe1 Ra6 28. Qb8+ Kh7 29. Qe5 Raxa2 30. Rb1 Rxf2 31. Qxf6 Rxg2+ 32. Kh1 Rh2+ 33. Kg1 Rag2# 0-1

[Event "January 2 Early 2024"]
[Site "https://www.chess.com"]
[Date "2024.01.02"]
[Round "6"]
[White "Veiga, Jose Francisco R P Neves"]
[Black "knightmareprodigy"]
[Result "1-0"]
[Board "110"]
[TimeControl "180+1"]
[WhiteFideId "1930087"]
[WhiteElo "2536"]
[BlackElo "2310"]
[WhiteTeam "POR"]
[WhiteClock "0:02:25"]
[BlackClock "0:01:22"]

1. c4 Nf6 2. Nc3 e6 3. e4 c5 4. e5 Ng8 5. Nf3 d6 6. d4 cxd4 7. Qxd4 Nc6 8. Qe3 dxe5 9. Nxe5 Bd7 10. Be2 Nf6 11. O-O Nxe5 12. Qxe5 Bb4 13. Bf3 Bc6 14. Bxc6+ bxc6 15. Bg5 O-O 16. Rad1 Qe7 17. Ne4 Ng4 18. Bxe7 Nxe5 19. Bxb4 1-0

[Event "January 2 Early 2024"]
[Site "https://www.chess.com"]
[Date "2024.01.02"]
[Round "6"]
[White "Tifferet, Shakked"]
[Black "Szente Varga, Fruzsina"]
[Result "0-1"]
[Board "111"]
[TimeControl "180+1"]
[WhiteFideId "2811529"]
[BlackFideId "712264"]
[WhiteElo "2536"]
[BlackElo "2291"]
[WhiteTeam "ISR"]
[BlackTeam "HUN"]
[WhiteClock "0:00:46"]
[BlackClock "0:00:58"]

1. e4 e5 2. Nf3 Nc6 3. Nc3 Nf6 4. Be2 Bc5 5. Nxe5 Nxe5 6. d4 Bxd4 7. Qxd4 d6 8. Bg5 h6 9. Bh4 Ng6 10. Bxf6 Qxf6 11. Qxf6 gxf6 12. Nd5 Kd8 13. Nxf6 Be6 14. g3 Ke7 15. Nh5 d5 16. exd5 Bxd5 17. O-O Rhd8 18. Rfe1 Kf8 19. Rad1 Be4 20. Rxd8+ Rxd8 21. Rd1 Re8 22. Nf6 Re6 23. Nxe4 Rxe4 24. Bf3 Rb4 25. b3 Ne5 26. Be2 Ke7 27. f4 Nd7 28. Bf3 Nf6 29. a3 Rb5 30. Kf2 c6 31. a4 Rc5 32. Rd2 Rc3 33. g4 Ke6 34. h4 Nd5 35. Bxd5+ cxd5 36. Re2+ Kd6 37. Kg2 d4 38. g5 hxg5 39. fxg5 d3 40. Rd2 Rxc2 41. h5 Rxd2+ 42. Kg3 Ke7 43. h6 Kf8 44. Kf3 Re2 45. a5 Re6 46. h7 Kg7 47. a6 bxa6 0-1

[Event "January 2 Early 2024"]
[Site "https://www.chess.com"]
[Date "2024.01.02"]
[Round "6"]
[White "Bodnar, Nikolay"]
[Black "Fernandez Hernandez, Gerardo"]
[Result "1-0"]
[Board "112"]
[TimeControl "180+1"]
[WhiteFideId "14106469"]
[BlackFideId "2207400"]
[WhiteElo "2531"]
[BlackElo "2270"]
[WhiteTeam "UKR"]
[BlackTeam "ESP"]
[WhiteClock "0:01:59"]
[BlackClock "0:00:06"]

1. e4 e6 2. d4 d5 3. Nc3 Nc6 4. Nf3 Nf6 5. e5 Ne4 6. Bd3 Bb4 7. Bd2 Nxd2 8. Qxd2 f6 9. a3 Bxc3 10. Qxc3 fxe5 11. dxe5 O-O 12. O-O-O Bd7 13. h4 h6 14. h5 Qe7 15. Rh3 Rac8 16. Qd2 b6 17. c3 Na5 18. Bc2 Nc4 19. Qd3 Rf5 20. Nh4 Nxe5 21. Qd4 c5 22. Nxf5 exf5 23. Qxd5+ Kh8 24. f4 Ng4 25. Qxd7 Qf8 26. Bxf5 Nf2 27. Qxc8 1-0

[Event "January 2 Early 2024"]
[Site "https://www.chess.com"]
[Date "2024.01.02"]
[Round "6"]
[White "Baches Garcia, Guillermo"]
[Black "Rose, Felix"]
[Result "0-1"]
[Board "113"]
[TimeControl "180+1"]
[WhiteFideId "2209764"]
[BlackFideId "5105722"]
[WhiteElo "2530"]
[BlackElo "2208"]
[WhiteTeam "ESP"]
[BlackTeam "MEX"]
[WhiteClock "0:00:00"]
[BlackClock "0:00:27"]

1. d4 d5 2. Nf3 Nf6 3. Bf4 e6 4. e3 Bd6 5. Ne5 O-O 6. Nd2 c5 7. c3 b6 8. Ndf3 Bb7 9. h3 Nc6 10. Bd3 Ne7 11. Qb1 Ne4 12. Bh2 f6 13. Ng4 Bxh2 14. Ngxh2 cxd4 15. exd4 f5 16. O-O Ng6 17. Re1 Qd6 18. Qd1 Rae8 19. Qc2 Nf4 20. Bf1 g5 21. Ne5 Ng6 22. Nd3 Ba6 23. a4 Bxd3 24. Bxd3 Kg7 25. a5 Rf7 26. axb6 axb6 27. Ra6 Ree7 28. Qb3 Nxf2 29. Kxf2 Qxh2 30. Bf1 Nf4 31. c4 dxc4 32. Qg3 Qxg3+ 33. Kxg3 b5 34. Rb6 Rb7 35. Rd6 Rfd7 36. Rc6 Rxd4 37. Kh2 Rd2 38. Kh1 Rxb2 39. g3 Nd3 40. Rexe6 Nf2+ 41. Kg1 c3 42. Rxc3 Ne4 43. Rd3 Rc7 44. g4 Nd2 45. gxf5 Rc1 0-1

[Event "January 2 Early 2024"]
[Site "https://www.chess.com"]
[Date "2024.01.02"]
[Round "6"]
[White "Quirke, Jeffrey"]
[Black "Yashmetov, Mikhail"]
[Result "1/2-1/2"]
[Board "114"]
[TimeControl "180+1"]
[WhiteFideId "2013029"]
[BlackFideId "24198900"]
[WhiteElo "2069"]
[BlackElo "2525"]
[WhiteTeam "USA"]
[BlackTeam "RUS"]
[WhiteClock "0:00:27"]
[BlackClock "0:00:26"]

1. e4 c6 2. Nf3 d5 3. d3 dxe4 4. dxe4 Qxd1+ 5. Kxd1 Bg4 6. Be2 f6 7. Ne1 Bxe2+ 8. Kxe2 e5 9. Nd3 Nd7 10. Be3 b6 11. a4 O-O-O 12. a5 Kb7 13. Nd2 Ne7 14. c4 c5 15. axb6 axb6 16. b4 Nc6 17. bxc5 Nxc5 18. Nxc5+ Bxc5 19. Bxc5 bxc5 20. Rhb1+ Kc7 21. Nb3 Kd6 22. Ra6 Ra8 23. Rba1 Rxa6 24. Rxa6 Rb8 25. Na5 Rc8 26. Kd3 Kd7 27. Nxc6 Rxc6 28. Ra7+ Rc7 29. Rxc7+ Kxc7 30. Kc3 Kb6 31. Kb3 Ka5 32. Ka3 h5 33. h4 g5 34. g3 Kb6 35. Ka4 Ka6 36. Kb3 Kb7 37. Ka4 Kb6 38. Kb3 Ka5 39. Ka3 Ka6 40. Kb3 Kb7 41. Ka4 Kb6 42. Kb3 gxh4 43. gxh4 Ka5 44. Ka3 Kb6 45. Ka4 Ka6 46. Kb3 Ka5 47. Ka3 Kb6 48. Ka4 Ka6 49. Kb3 Kb7 50. Ka4 Kb6 51. Kb3 Kc6 52. Ka4 Kb6 53. Kb3 1/2-1/2

[Event "January 2 Early 2024"]
[Site "https://www.chess.com"]
[Date "2024.01.02"]
[Round "6"]
[White "Herman, Daniel"]
[Black "Popov, Konstantin"]
[Result "0-1"]
[Board "115"]
[TimeControl "180+1"]
[WhiteFideId "30935008"]
[BlackFideId "34137910"]
[WhiteElo "2411"]
[BlackElo "2907"]
[WhiteTeam "USA"]
[BlackTeam "FID"]
[WhiteClock "0:00:07"]
[BlackClock "0:01:45"]

1. e4 c5 2. Nf3 d6 3. d4 cxd4 4. Nxd4 Nf6 5. Nc3 a6 6. h3 e5 7. Nde2 h5 8. Bg5 Be6 9. Bxf6 Qxf6 10. Nd5 Qd8 11. Nec3 Nd7 12. Bc4 g6 13. Ne3 Rc8 14. Bxe6 fxe6 15. Qf3 Qf6 16. O-O-O Qxf3 17. gxf3 Be7 18. Rhg1 Kf7 19. a4 Rhf8 20. Nf1 Kg7 21. Nh2 Kh6 22. Kb1 Nb6 23. Rd3 Rc6 24. b3 Nd7 25. Kb2 Rfc8 26. Nf1 Nc5 27. Re3 Bg5 28. Rxg5 Kxg5 29. Ng3 Kh4 30. Nge2 Kg5 31. Nc1 Nd7 32. Rd3 b5 33. axb5 axb5 34. b4 Nb6 35. N1e2 Na4+ 36. Kb3 Nxc3 37. Nxc3 Rb8 38. Ne2 Kf6 39. c3 Ke7 40. Rd2 Ra6 41. Ra2 Rxa2 42. Kxa2 Rf8 43. Ng1 d5 44. Kb3 dxe4 45. c4 bxc4+ 46. Kxc4 exf3 47. Kc5 e4 48. Kd4 Rb8 49. Kxe4 Rxb4+ 50. Kxf3 Kf6 51. Ne2 g5 52. Kg2 h4 53. Ng1 Rb3 54. Nf3 e5 55. Nh2 Rb4 56. Ng4+ Kf5 57. Ne3+ Ke6 58. Kf3 Rf4+ 59. Kg2 e4 60. Nf1 Kd5 61. Ne3+ Kd4 62. Nf1 Kd3 63. Ne3 Ke2 64. Ng4 Rxg4+ 65. hxg4 Ke1 66. Kg1 h3 67. Kh2 Kxf2 68. Kxh3 e3 0-1

[Event "January 2 Early 2024"]
[Site "https://www.chess.com"]
[Date "2024.01.02"]
[Round "6"]
[White "Korchmar, Vasiliy"]
[Black "Mazurkiewicz, Michal"]
[Result "1-0"]
[Board "116"]
[TimeControl "180+1"]
[WhiteFideId "24131750"]
[BlackFideId "1124943"]
[WhiteElo "2747"]
[BlackElo "2404"]
[WhiteTeam "RUS"]
[BlackTeam "POL"]
[WhiteClock "0:00:02"]
[BlackClock "0:00:00"]

1. e4 d6 2. d4 Nf6 3. Nc3 c6 4. Bc4 b5 5. Bb3 b4 6. Nce2 Nxe4 7. Nf3 d5 8. O-O e6 9. Ng3 Nxg3 10. fxg3 a5 11. c3 Bd6 12. Ng5 Ra7 13. Bc2 g6 14. Nf3 O-O 15. Bh6 Re8 16. Qd2 Nd7 17. Rae1 Nf6 18. Bg5 Be7 19. Ne5 Rc7 20. Qf4 Kg7 21. Bh6+ Kg8 22. Bg5 Kg7 23. Rf3 c5 24. Ref1 cxd4 25. Bh6+ Kg8 26. Ng4 Ba6 27. R1f2 dxc3 28. b3 d4 29. Bg5 d3 30. Nxf6+ Bxf6 31. Bxf6 dxc2 32. Bxd8 Rxd8 33. Rxc2 Rd1+ 34. Kf2 Rf1+ 35. Ke3 Re1+ 36. Kf2 Rf1+ 37. Ke3 Re1+ 38. Kd4 Rd1+ 39. Ke5 Rc5+ 40. Kf6 Rf5+ 41. Qxf5 exf5 42. Re3 Rd8 43. a3 Bd3 44. Rc1 Be4 45. axb4 axb4 46. g4 c2 47. gxf5 gxf5 48. g4 Rd6+ 49. Ke5 Re6+ 50. Kd4 Rd6+ 51. Kc5 Rd1 52. Re1 Rxc1 53. Rxc1 f4 54. Kxb4 f3 55. Kc3 f2 56. Kd2 Kf8 57. Rf1 1-0

[Event "January 2 Early 2024"]
[Site "https://www.chess.com"]
[Date "2024.01.02"]
[Round "6"]
[White "Matinian, Nikita"]
[Black "Astafurov, Arseniy"]
[Result "0-1"]
[Board "117"]
[TimeControl "180+1"]
[WhiteFideId "24129100"]
[BlackFideId "24175218"]
[WhiteElo "2732"]
[BlackElo "2402"]
[WhiteTeam "FID"]
[BlackTeam "RUS"]
[WhiteClock "0:01:43"]
[BlackClock "0:00:59"]

1. e4 e6 2. d4 d5 3. Nc3 Nf6 4. Bg5 dxe4 5. Nxe4 Be7 6. Nxf6+ Bxf6 7. Bxf6 Qxf6 8. Nf3 O-O 9. Qd3 c5 10. Qe3 Nc6 11. O-O-O Rd8 12. c3 cxd4 13. Nxd4 Nxd4 14. cxd4 Bd7 15. Bd3 Rac8+ 16. Kb1 Bc6 17. Rhg1 g6 18. Qe5 Kg7 19. Bc2 Qxe5 20. dxe5 Rxd1+ 21. Rxd1 Bxg2 22. b4 Rc4 23. a3 Rh4 24. Rd7 Rxh2 25. f4 h5 26. Kb2 Be4 0-1

[Event "January 2 Early 2024"]
[Site "https://www.chess.com"]
[Date "2024.01.02"]
[Round "6"]
[White "Bardyk, Artem"]
[Black "Grave, Jacob Templen"]
[Result "1/2-1/2"]
[Board "118"]
[TimeControl "180+1"]
[WhiteFideId "34349979"]
[BlackFideId "1542656"]
[WhiteElo "2731"]
[BlackElo "2400"]
[WhiteTeam "RUS"]
[BlackTeam "NOR"]
[WhiteClock "0:00:01"]
[BlackClock "0:00:01"]

1. e4 c6 2. d4 d5 3. e5 Bf5 4. h4 h5 5. Bd3 Bxd3 6. Qxd3 Qa5+ 7. Nd2 e6 8. Nf3 Nh6 9. O-O Nf5 10. Nb3 Qb5 11. Qd1 c5 12. a4 Qb6 13. c3 cxd4 14. Nbxd4 Nxd4 15. Nxd4 Nc6 16. Nf3 Be7 17. Qe2 Rd8 18. Be3 Qc7 19. Bf4 a6 20. Rad1 Rd7 21. Rfe1 Kd8 22. Bg5 Kc8 23. Qe3 Kb8 24. Bf4 Rhd8 25. Rd3 Qa5 26. b3 d4 27. cxd4 Nb4 28. Qd2 Qb6 29. a5 Qb5 30. Rc3 Nd5 31. Rc4 Bb4 32. Rxb4 Qxb4 33. Qxb4 Nxb4 34. Bg5 Rc8 35. Bd2 Nc6 36. Bc3 Ne7 37. Bb4 Nf5 38. Bc5 Rd5 39. b4 Rcd8 40. Re4 R8d7 41. g3 Kc7 42. Kf1 Kc6 43. Ke2 Kb5 44. Kd3 Rd8 45. Rf4 R8d7 46. Kc3 Rd8 47. Nd2 Rc8 48. Ne4 Rcd8 49. Nd6+ Nxd6 50. exd6 Rf5 51. Rxf5 exf5 52. d5 Re8 53. Kd4 Re4+ 54. Kd3 Re5 55. Kd4 Re4+ 56. Kc3 Re5 57. Kd4 Re4+ 1/2-1/2

[Event "January 2 Early 2024"]
[Site "https://www.chess.com"]
[Date "2024.01.02"]
[Round "6"]
[White "Shadhursshaan R"]
[Black "Liyanage, Ranindu Dilshan"]
[Result "0-1"]
[Board "120"]
[TimeControl "180+1"]
[WhiteFideId "45024138"]
[BlackFideId "9915834"]
[WhiteElo "2395"]
[BlackElo "2710"]
[WhiteTeam "IND"]
[BlackTeam "SRI"]
[WhiteClock "0:01:28"]
[BlackClock "0:00:24"]

1. d4 d5 2. Nf3 Nf6 3. e3 e6 4. Bd3 c5 5. c3 Nc6 6. O-O Bd6 7. Nbd2 e5 8. e4 cxd4 9. cxd4 Bg4 10. exd5 Nxd4 11. h3 Bh5 12. Qa4+ Qd7 13. Qxd7+ Kxd7 14. Nxd4 exd4 15. Bb5+ Kc7 16. Nb3 a6 17. Bd3 Be5 18. f4 Bd6 19. g4 Bxg4 20. hxg4 Nxg4 21. Nxd4 Bc5 22. Bd2 Bxd4+ 23. Kg2 Ne3+ 24. Bxe3 Bxe3 25. Rfe1 Bc5 26. Rac1 Kd6 27. a3 a5 28. Kf3 Rhe8 29. Rxe8 Rxe8 30. Bxh7 g6 31. f5 g5 32. f6 Bd4 33. b4 axb4 34. axb4 Bxf6 35. Kg4 Rh8 36. Rf1 Rxh7 37. Rxf6+ Kxd5 38. Rb6 f6 39. Rxf6 Rh4+ 40. Kf3 Rxb4 41. Rf5+ Kc4 42. Rxg5 Rb1 43. Ke3 Rb2 44. Rg7 b5 45. Rc7+ Kb3 46. Kd3 b4 47. Rc1 Rh2 48. Rb1+ Ka3 49. Kc4 Rh4+ 50. Kd3 b3 51. Rf1 b2 52. Kc2 Ka2 53. Kc3 b1=Q 54. Rf8 Qb3+ 0-1

[Event "January 2 Early 2024"]
[Site "https://www.chess.com"]
[Date "2024.01.02"]
[Round "6"]
[White "Tasev, Dejan"]
[Black "Samaganova, Aleksandra"]
[Result "1-0"]
[Board "121"]
[TimeControl "180+1"]
[WhiteFideId "936618"]
[BlackFideId "13800221"]
[WhiteElo "2703"]
[BlackElo "2391"]
[WhiteTeam "SRB"]
[BlackTeam "KGZ"]
[WhiteClock "0:00:16"]
[BlackClock "0:00:00"]

1. e4 c5 2. Nf3 e6 3. b3 Nf6 4. e5 Nd5 5. Bb2 Nc6 6. Nc3 Nc7 7. g3 d5 8. exd6 Bxd6 9. Bg2 O-O 10. O-O e5 11. h3 Be6 12. Ne4 f6 13. d3 Be7 14. Re1 Qd7 15. Kh2 b6 16. a4 Rad8 17. Ned2 a6 18. Nc4 b5 19. axb5 axb5 20. Ncd2 Ra8 21. Rxa8 Nxa8 22. Qa1 Nb4 23. Qb1 Nb6 24. Ne4 Rc8 25. Nfd2 Bf7 26. Qd1 h6 27. h4 c4 28. dxc4 bxc4 29. bxc4 Nxc4 30. Nxc4 Qxd1 31. Rxd1 Bxc4 32. Rd2 Rd8 33. Rxd8+ Bxd8 34. Nd6 Be6 35. Be4 Be7 36. Nf5 Bf8 37. h5 Nd5 38. Kg2 Ne7 39. Nxe7+ Bxe7 40. Bd3 Bf7 41. g4 Bd5+ 42. f3 Kf7 43. Be4 Bc4 44. Kf2 Bc5+ 45. Kg2 Ke6 46. Bc1 Be7 47. Be3 Bb4 48. Kf2 Bc3 49. Bc5 Ba5 50. Ke3 Bc3 51. Bf8 Kf7 52. Bc5 Ke6 53. Bd3 Bd5 54. Bf5+ Kf7 55. Be4 Bc4 56. Bb6 Ke6 57. Bd3 Bd5 58. Ke2 Kf7 59. Be3 Be6 60. Be4 Bc4+ 61. Kf2 Ke6 62. Kg3 Kf7 63. Bf5 Be1+ 64. Kg2 Bc3 65. f4 exf4 66. Bxf4 Bd5+ 67. Kf2 Bd4+ 68. Ke2 Bc4+ 69. Kd2 Bb2 70. c3 Bb3 71. Kd3 Ba3 72. Be3 Bd1 73. c4 Bb3 74. Kc3 Ba4 75. Be4 Bd7 76. Bf5 Bc6 77. Bd4 Bd6 78. c5 Be5 79. Kc4 Ke7 80. Be3 Kd8 81. Bd2 Kc7 82. Ba5+ Kb7 83. Bd8 Be8 84. Be7 Bf7+ 85. Kb4 Bf4 86. Bf8 g5 87. hxg6 Bg8 88. g7 Kc6 89. Be4+ Kd7 90. c6+ Kc8 91. Kb5 Bc7 92. Bf5+ Kb8 93. Bc5 Bf7 94. Bd4 Bg8 95. Bxf6 Bd6 96. Bd4 Bc7 97. Be3 Bd6 98. Bxh6 Kc7 99. Be3 Be5 100. Bb6+ Kb8 101. c7+ Bxc7 102. Bd4 Bd8 103. Kc6 Be7 104. Kd7 Bb4 105. Be6 Bh7 106. g8=Q+ Bxg8 107. Bxg8 Bd2 108. Bd5 1-0

[Event "January 2 Early 2024"]
[Site "https://www.chess.com"]
[Date "2024.01.02"]
[Round "6"]
[White "Koshulyan, Egor A."]
[Black "Ferro, Mario"]
[Result "1-0"]
[Board "122"]
[TimeControl "180+1"]
[WhiteFideId "24237000"]
[BlackFideId "810290"]
[WhiteElo "2657"]
[BlackElo "2391"]
[WhiteTeam "RUS"]
[BlackTeam "ITA"]
[WhiteClock "0:00:10"]
[BlackClock "0:00:00"]

1. e4 g6 2. h4 h5 3. Nh3 d6 4. d4 Nf6 5. Nc3 Bg7 6. Bc4 e6 7. Ng5 O-O 8. f3 d5 9. Bb3 dxe4 10. fxe4 Ng4 11. Nf3 c5 12. Bg5 Qc7 13. Ne2 cxd4 14. Nfxd4 Nc6 15. c3 Qe5 16. Qd3 Nxd4 17. cxd4 Qa5+ 18. Bd2 Qb6 19. Rf1 Bd7 20. Bc4 Rac8 21. b3 a6 22. a4 Qd6 23. Rd1 Kh7 24. a5 Qa3 25. Nf4 e5 26. Nh3 Bb5 27. Ng5+ Kh8 28. Bxb5 axb5 29. Qxb5 exd4 30. Nxf7+ Kg8 31. Qd5 Kh7 32. Ng5+ Kh6 33. Ne6+ Kh7 34. Nxf8+ Rxf8 35. Rxf8 Qxf8 36. Ke2 1-0

[Event "January 2 Early 2024"]
[Site "https://www.chess.com"]
[Date "2024.01.02"]
[Round "6"]
[White "Spata, German"]
[Black "Rios Escobar, Adan"]
[Result "1-0"]
[Board "123"]
[TimeControl "180+1"]
[WhiteFideId "113026"]
[BlackFideId "3403645"]
[WhiteElo "2649"]
[BlackElo "2385"]
[WhiteTeam "ARG"]
[BlackTeam "CHI"]
[WhiteClock "0:00:18"]
[BlackClock "0:00:00"]

1. d4 Nf6 2. Nf3 g6 3. Bf4 Bg7 4. e3 d6 5. h3 O-O 6. Be2 Nc6 7. O-O e5 8. dxe5 Nd7 9. exd6 Bxb2 10. dxc7 Qf6 11. Nbd2 Bxa1 12. Qxa1 Qxa1 13. Rxa1 Nb6 14. a4 Bd7 15. Bd6 Rfc8 16. Ne4 Bf5 17. Nfd2 Nd5 18. c4 Bxe4 19. Nxe4 Nxc7 20. Rb1 b6 21. Bf3 Ne6 22. a5 bxa5 23. Nf6+ Kg7 24. Nd5 Rd8 25. c5 Rac8 26. Rb7 Nb4 27. Nxb4 axb4 28. Bd5 Kg8 29. Rxa7 Rxc5 30. Bxc5 Rxd5 31. Bxb4 Rd1+ 32. Kh2 h5 33. Ra8+ Kg7 34. Bc3+ f6 35. Ra7+ 1-0

[Event "January 2 Early 2024"]
[Site "https://www.chess.com"]
[Date "2024.01.02"]
[Round "6"]
[White "Schuh, Karsten"]
[Black "CamillaEffect"]
[Result "0-1"]
[Board "124"]
[TimeControl "180+1"]
[WhiteFideId "4637950"]
[WhiteElo "2382"]
[BlackElo "2637"]
[WhiteTeam "GER"]
[WhiteClock "0:00:12"]
[BlackClock "0:00:15"]

1. Nf3 d5 2. c4 c6 3. b3 Nf6 4. Bb2 Bg4 5. e3 Nbd7 6. Be2 e6 7. h3 Bh5 8. O-O Bd6 9. d4 Ne4 10. Nbd2 f5 11. Ne5 Bxe2 12. Qxe2 Nxe5 13. dxe5 Be7 14. Nf3 O-O 15. Nd4 Qd7 16. Rad1 a5 17. a3 Bc5 18. Qc2 Qe7 19. Ra1 Bxd4 20. exd4 Qh4 21. f3 Ng3 22. Rfe1 f4 23. cxd5 exd5 24. b4 Nf5 25. bxa5 Ne3 26. Qd3 Rxa5 27. Re2 Nc4 28. Bc1 b5 29. Rb1 Ra4 30. Bd2 Rxa3 31. Qc2 Rfa8 32. Be1 Qe7 33. Qf5 Rf8 34. Qg4 Ne3 35. Bf2 Nxg4 0-1

[Event "January 2 Early 2024"]
[Site "https://www.chess.com"]
[Date "2024.01.02"]
[Round "6"]
[White "Golubev, Mikhail"]
[Black "Andersson, Bjorn 1960"]
[Result "1-0"]
[Board "125"]
[TimeControl "180+1"]
[WhiteFideId "14100983"]
[BlackFideId "1700545"]
[WhiteElo "2602"]
[BlackElo "2376"]
[WhiteTeam "UKR"]
[BlackTeam "SWE"]
[WhiteClock "0:00:52"]
[BlackClock "0:00:20"]

1. e4 e6 2. d4 d5 3. Nc3 Nf6 4. Bg5 Be7 5. e5 Nfd7 6. h4 a6 7. Qg4 c5 8. Bxe7 Qxe7 9. Qxg7 Rf8 10. Nf3 Nc6 11. dxc5 Qxc5 12. O-O-O b5 13. Ng5 b4 14. Nxd5 exd5 15. e6 fxe6 16. Nxe6 Qd6 17. Re1 Nce5 18. Nxf8 Qxf8 19. Rxe5+ Nxe5 20. Qxe5+ Qe7 21. Qxe7+ Kxe7 22. Bd3 h6 23. Re1+ Kd6 24. Re8 1-0

[Event "January 2 Early 2024"]
[Site "https://www.chess.com"]
[Date "2024.01.02"]
[Round "6"]
[White "Chitre Arush"]
[Black "Novak, Ratko"]
[Result "0-1"]
[Board "126"]
[TimeControl "180+1"]
[WhiteFideId "25959026"]
[BlackFideId "14511827"]
[WhiteElo "2596"]
[BlackElo "2372"]
[WhiteTeam "IND"]
[BlackTeam "CRO"]
[WhiteClock "0:00:25"]
[BlackClock "0:01:20"]

1. d4 d5 2. Nf3 c5 3. c3 cxd4 4. cxd4 Nc6 5. Nc3 f6 6. Bf4 Bg4 7. e3 e5 8. dxe5 fxe5 9. Bg3 e4 10. h3 Bh5 11. Nxd5 exf3 12. gxf3 Bb4+ 13. Ke2 Rc8 14. Qd3 Nge7 15. Nxb4 Nxb4 16. Qb5+ Qd7 17. Qxb4 Rc2+ 18. Ke1 Bxf3 19. Bb5 Nc6 20. Bxc6 Qxc6 21. Rg1 Rc1+ 22. Kd2 Qc2# 0-1

[Event "January 2 Early 2024"]
[Site "https://www.chess.com"]
[Date "2024.01.02"]
[Round "6"]
[White "Toman, Ondrej"]
[Black "Nayak Rajesh"]
[Result "1-0"]
[Board "127"]
[TimeControl "180+1"]
[WhiteFideId "344516"]
[BlackFideId "35017152"]
[WhiteElo "2589"]
[BlackElo "2372"]
[WhiteTeam "CZE"]
[BlackTeam "IND"]
[WhiteClock "0:00:04"]
[BlackClock "0:00:00"]

1. d4 Nf6 2. Bg5 Ne4 3. h4 h6 4. Bf4 d5 5. Nd2 Bf5 6. e3 e6 7. Nxe4 Bxe4 8. f3 Bh7 9. Bd3 Bxd3 10. Qxd3 Bd6 11. Ne2 c6 12. O-O-O Na6 13. Qb3 Bxf4 14. Nxf4 Qb6 15. Qa3 Qb4 16. Qxb4 Nxb4 17. c3 Na6 18. e4 Kd7 19. Nh5 Rhg8 20. g4 Raf8 21. g5 hxg5 22. hxg5 Nc7 23. Kd2 Ne8 24. Rdg1 Rh8 25. Nf4 Ke7 26. Ke3 Nd6 27. b3 a5 28. Nd3 dxe4 29. fxe4 f6 30. Nf4 Kf7 31. g6+ Ke7 32. Rh7 Rhg8 33. Nd3 f5 34. e5 Ne4 35. c4 Rd8 36. Nf4 Nc3 37. Rg2 c5 38. dxc5 Ne4 39. Nd3 Rc8 40. b4 axb4 41. Rb2 Nxc5 42. Rxb4 Nxd3 43. Rxb7+ Kf8 44. Kxd3 Rc5 45. Kd4 Ra5 46. Rf7+ Ke8 47. Rhxg7 Rxg7 48. Rxg7 Rxa2 49. Rf7 Rg2 50. Rf6 Ke7 51. c5 f4 52. c6 f3 53. Rf7+ Ke8 54. Rf6 f2 55. c7 Kd7 56. Rf7+ Kc8 57. g7 1-0